 Dungeon Crawl Stone Soup version 0.31-a0-940-gdaa99269f9 (webtiles) character file.

Game seed: 8397183740511125827

22 protoss039 the Digger (level 2, 21/21 HPs)
             Began as a Demonspawn Earth Elementalist on Oct 20, 2023.
             Got out of the dungeon alive.
             The game lasted 00:00:48 (679 turns).

protoss039 the Digger (DsEE)                         Turns: 679, Time: 00:00:48

Health: 21/21      AC:  2    Str:  8    XL:     2   Next: 68%
Magic:  5/5        EV: 12    Int: 16    God:
Gold:   16         SH:  0    Dex: 13    Spells: 4/5 levels left

rFire   . . .        c - +1 dagger (speed)
rCold   . . .        (no shield)
rNeg    . . .        a - +0 robe
rPois   .            (no helmet)
rElec   .            (no cloak)
rCorr   .            (no gloves)
SInv    .            (no boots)
Will    .....        (no amulet)
Stlth   ++           (no ring)
HPRegen 0.23/turn    (no ring)
MPRegen 0.09/turn

%: no passive effects
@: no status effects
A: weakness stinger 1
a: no special abilities


You escaped.
You visited 1 branch of the dungeon, and saw 1 of its levels.

You collected 16 gold pieces.

Inventory:

Hand Weapons
 c - a +1 dagger of speed (weapon)
Armour
 a - a +0 robe (worn)
Scrolls
 d - 3 scrolls of vulnerability {unknown}
 g - a scroll of identify {unknown}
 h - a scroll of silence {unknown}
Potions
 b - a potion of magic
 e - a potion of curing {unknown}
 f - a potion of haste {unknown}


   Skills:
 + Level 1.2 Fighting
 - Level 1.7 Dodging
 - Level 1.7 Stealth
 + Level 2.3 Spellcasting
 - Level 0.8 Transmutations
 + Level 3.0 Earth Magic


You had 4 spell levels left.
You knew the following spells:

 Your Spells              Type           Power      Damage    Failure   Level
a - Sandblast             Erth           22%        2d7       5%          1

Your spell library contained the following spells:

 Spells                   Type           Power      Damage    Failure   Level
 Passwall                 Tmut/Erth      6%         N/A       14%         2
 Stone Arrow              Conj/Erth      12%        3d7       32%         3
 Frozen Ramparts          Ice            2%         1d1       52%         3
 Petrify                  Tmut/Erth      8%         N/A       65%         4
 Brom's Barrelling Bould  Conj/Erth      6%         2d3       71%         4
 Metabolic Englaciation   Hex/Ice        0%         N/A       99%         5


Dungeon Overview and Level Annotations

Branches:
Dungeon (1/15) Zot: 5324

Altars:


Innate Abilities, Weirdness & Mutations

You have a small tail.


Message History

You kill the dart slug!
You now have 16 gold pieces (gained 8).
h - a scroll labelled WOITIE BIOD A bat comes into view.
A bat is nearby!
A bat is nearby!
The bat barely misses you.
A bat is nearby!
A bat is nearby!
A bat is nearby!
The bat hits you but does no damage. The bat barely misses you.
You closely miss the bat. The bat closely misses you.
The bat hits you but does no damage.
Casting: Sandblast (safe; 6% risk of failure)
Confirm with . or Enter, or press ? or * to list all spells.
Aiming: Sandblast (safe; 6% risk of failure)
Press: ? - help, Shift-Dir - straight line, f - bat
Aim: a bat (73% to hit)
The blast of sand hits the bat!
You kill the bat!
Unknown command.
You see here a bat corpse.
You see here a bat corpse.
Done exploring.
Done exploring.
Done exploring.
No target in view!
Done exploring.
No target in view!
Done exploring.
Search for what [? for help]? .
Things that are here:
a +0 short sword; 3 stones
There is an open door here.
There is a staircase leading out of the dungeon here.
You can't go up here!
You can't go up here!
Unknown command.
There is a staircase leading out of the dungeon here.
You have escaped!

...##8##.........######.#.#.....#
....#^##.........# #...#.##..#
#...#.##.........# #.###......
......##....###### ###......##.#
#..#.###....# #.######.##.#
#..#.# #....# #.....##.##.#
#....# #....#########...#.##.##.#
####.########.......#...#....##.#
............+[..@...'...#.####...
##......##.##.......#.###.# #...
######..##.##########.....# #...
....##..##.##.......#..##)# #...
###.##......+.>.>.>.+.###.# #...
# #.##.######.......### #.# #[..
###.#### ######### #.# #... ....#
####.# #... ..### #.##.####...


There were no monsters in sight!

Vanquished Creatures
  A dart slug (D:1)
  4 ball pythons (D:1)
  2 endoplasms (D:1)
  A giant cockroach (D:1)
  A hobgoblin (D:1)
  2 bats (D:1)
  2 frilled lizards (D:1)
  A goblin (D:1)
  3 kobolds (D:1)
  A rat (D:1)
18 creatures vanquished.

Notes
Turn   | Place    | Note
-------+----------+-------------------------------------------
     0 | D:1      | protoss039 the Demonspawn Earth Elementalist began the
                  | quest for the Orb.
     0 | D:1      | Reached XP level 1. HP: 13/13 MP: 3/3
   139 | D:1      | Gained mutation: You have a small tail. [demonic ancestry]
   139 | D:1      | Reached XP level 2. HP: 20/20 MP: 0/5
   280 | D:1      | Reached skill level 1 in Fighting
   285 | D:1      | Reached skill level 3 in Earth Magic
   679 | D:$      | Got out of the dungeon alive.

Illustrated notes

Levels and vault maps discovered:
D:1:      minmay_arrival_up_and_down, layout_basic,
          ebering_dispersal_statue_hall, minmay_tetromino_i2

Skill      XL: |  1  2 |
---------------+-------+-----
Fighting       | 1 |  1.2
Earth Magic    | 3 |  3.0
Dodging        | |  1.7
Stealth        | |  1.7
Spellcasting   | |  2.3
Transmutations | |  0.8

Action                     || total
---------------------------++-------
  Melee: Dagger            ||    23
         Unarmed           ||     1
         Tailslap          ||     2
   Cast: Sandblast         ||    10
   Stab: Sleeping          ||     2
 Armour: Robe              ||     8
  Dodge: Dodged            ||    16

Table legend: (Time is in decaauts)
 A = Elapsed time spent in this place.
 B = Non-inter-level travel time spent in this place.
 C = Inter-level travel time spent in this place.
 D = Time resting spent in this place.
 E = Time spent auto-exploring this place.
 F = Levels seen in this place.
 G = Mean time per level.
                   A        B        C        D        E       F      G
               +--------+--------+--------+--------+--------+-----+--------+
         Total |    675 |    634 |     41 |     17 |    509 |   1 |  675.0 |
       Dungeon |    675 |    634 |     41 |     17 |    509 |   1 |  675.0 |
               +--------+--------+--------+--------+--------+-----+--------+

Top non-repeatable levels by time:
     D:1: 675 daAuts
